 Dungeon Crawl Stone Soup version 0.29.0-15-g675c0067aa (webtiles) character file.

Game seed: 17845133212177937275

36 runemasterragnar the Ruffian (level 3, 0/29 HPs)
             Began as a Draconian Transmuter on Sept 11, 2022.
             Slain by a river rat (3 damage)
             ... on level 3 of the Dungeon.
             The game lasted 00:01:13 (624 turns).

runemasterragnar the Ruffian (Draconian Transmuter)  Turns: 624, Time: 00:01:13

Health: 0/29       AC:  5    Str: 12    XL:     3   Next: 19%
Magic:  6/6        EV: 12    Int: 15    God:
Gold:   50         SH:  0    Dex: 11    Spells: 5/6 levels left

rFire   . . .      SeeInvis .     - Unarmed
rCold   . . .      Faith    .   (no shield)
rNeg    . . .      Spirit   .   (body armour unavailable)
rPois   .          Reflect  .   (helmet restricted)
rElec   .          Harm     .   (no cloak)
rCorr   .          Rampage  .   (no gloves)
Will    .....                   (no boots)
Stlth   +.........              (no amulet)
HPRegen 0.09/turn               (no ring)
MPRegen 0.10/turn               (no ring)

@: flying
A: AC +5, unfitting armour, cold-blooded
a: no special abilities


You were on level 3 of the Dungeon.
You visited 1 branch of the dungeon, and saw 3 of its levels.

You collected 50 gold pieces.

Inventory:

Hand Weapons
 e - a +0 war axe
Jewellery
 d - a ring of fire
Scrolls
 c - a scroll of identify {unknown}
Potions
 a - a potion of lignification


   Skills:
 + Level 1.8 Fighting
 + Level 2.2 Dodging
 + Level 3.2 Unarmed Combat
 + Level 2.3 Spellcasting
 + Level 2.3 Transmutations


You had 5 spell levels left.
You knew the following spells:

 Your Spells              Type           Power      Damage    Failure   Level
a - Beastly Appendage     Tmut           16%        N/A       9%          1

Your spell library contained the following spells:

 Spells                   Type           Power      Damage    Failure   Level
 Wereblood                Tmut           8%         N/A       12%         2
 Spider Form              Tmut/Pois      5%         N/A       36%         3
 Ice Form                 Ice/Tmut       5%         N/A       78%         4


Dungeon Overview and Level Annotations

Branches:
Dungeon (3/15)

Altars:


Innate Abilities, Weirdness & Mutations

Your plain brown scales are hard. (AC +5)
You cannot fit into any form of body armour.
You are cold-blooded and may be slowed by cold attacks.


Message History

You hit the giant cockroach.
You kill the giant cockroach!
Your transformation is almost over.
You hit the river rat. You tail-slap the river rat.
The river rat is moderately wounded.
The river rat barely misses you.
You hit the river rat but do no damage. Your kick misses the river rat.
The river rat is moderately wounded.
You hear the brisk rusting of a drain very nearby.
The river rat bites you.
You hit the river rat but do no damage. You claw the river rat.
You headbutt the river rat.
You kill the river rat!
You have reached level 3!
Your experience leads to an increase in your attributes!
Increase (S)trength, (I)ntelligence, or (D)exterity?
You feel clever. x2; Your scales feel tougher.
You completely miss the river rat. Your kick misses the river rat.
Your headbutt misses the river rat. The river rat bites you!
You barely miss the river rat.
You tail-slap the river rat, but do no damage.
The river rat closely misses you.
You hit the river rat but do no damage. You claw the river rat.
Your headbutt misses the river rat.
Your tail-slap misses the river rat.
The river rat is lightly wounded.
You hit the river rat but do no damage.
The river rat is lightly wounded.
The river rat bites you.
* * * LOW HITPOINT WARNING * * *
Unknown command.
You hit the river rat but do no damage. Your headbutt misses the river rat.
Your punch misses the river rat.
The river rat is lightly wounded.
Your horns disappear.
Your talons disappear.
The river rat bites you.
* * * LOW HITPOINT WARNING * * *
It was a potion of flight.
You feel very buoyant.
You fly up into the air.
The river rat bites you.
You die...

#.# #.# #..# ..# #.# #..#
#.######.## #..# #.........#
#..# #
########..########.(########
.##
#...................#...##
#.########...............#
#.# ##..####.###....... #<#
#.@## ### #......# #.#
#.#r~~~~~+ #.#...## #.# #.
~~~~~~+ #.##.## #.# #.
##~~### #.# .# #. ## ### #.#
# ..#


You could see a river rat.

Vanquished Creatures
  2 adders
  A river rat (D:3)
  3 endoplasms
  A giant cockroach (D:3)
  A goblin (D:3)
  A hobgoblin (D:2)
  A bat (D:3)
10 creatures vanquished.

Notes
Turn   | Place    | Note
-------+----------+-------------------------------------------
     0 | D:1      | runemasterragnar the Draconian Transmuter began the quest
                  | for the Orb.
     0 | D:1      | Reached XP level 1. HP: 16/16 MP: 3/3
   180 | D:2      | Reached XP level 2. HP: 5/23 MP: 3/5
   619 | D:3      | Reached XP level 3. HP: 21/29 MP: 6/6
   624 | D:3      | Slain by a river rat

Illustrated notes

Levels and vault maps discovered:
D:1:      dpeg_arrival_stonehenge_8_columns, layout_rooms, serial_shops,
          nicolae_shop_waterfront
D:2:      layout_loops_ring, serial_shops, shop, shop, lexackson_kobold_supper
D:3:      layout_loops_ring, hellmonk_ecumenical_altar_run_dry,
          gup_sewer_entry_bowl, kennysheep_generic_room_16

Skill      XL: |  1 |
---------------+----+-----
Dodging        | 2 |  2.2
Fighting       | |  1.8
Unarmed Combat | |  3.2
Spellcasting   | |  2.3
Transmutations | |  2.3

Action                   || total
-------------------------++-------
Melee: Unarmed           ||    36
       Kick              ||     9
       Tailslap          ||     3
       Punch             ||     1
       Headbutt          ||     5
 Cast: Beastly Appendage ||     9
  Use: Potion            ||     1
Armor: Skin              ||     8
Dodge: Dodged            ||    14
